 Dungeon Crawl Stone Soup version 0.31.0-11-ge490571c62 (webtiles) character file.

Game seed: 11607837054335334261

324 jagang the Slasher (level 6, -5/49 HPs)
             Began as a Human Monk on Feb 7, 2024.
             Killed by nerve-wracking pain
             ... invoked by Grinder
              (12 damage)
             ... on level 4 of the Dungeon.
             The game lasted 00:04:06 (2191 turns).

jagang the Slasher (Human Monk)                     Turns: 2191, Time: 00:04:07

Health: -5/49      AC:  6    Str: 11    XL:     6   Next: 48%
Magic:  6/6        EV:  9    Int: 11    God:
Gold:   169        SH:  0    Dex: 17    Spells: 5/5 levels left

rFire   . . .        a - +0 falchion
rCold   . . .        d - orb {light}
rNeg    . . .        q - +0 scale mail
rPois   .            (no helmet)
rElec   .            (no cloak)
rCorr   +            (no gloves)
SInv    .            (no boots)
Will    .....        (no amulet) Stlth
                     l - ring of resist corrosion
HPRegen 0.28/turn    (no ring)
MPRegen 0.10/turn

%: no passive effects
@: glowing
A: explore regen
a: no special abilities


You were on level 4 of the Dungeon.
You visited 1 branch of the dungeon, and saw 4 of its levels.

You collected 169 gold pieces.

Inventory:

Hand Weapons
 a - a +0 falchion (weapon)
 n - a +2 dagger of venom
Missiles
 r - 4 poisoned darts (quivered)
Armour
 d - an orb of light (worn)
 h - a +0 helmet
 q - a +0 scale mail (worn)
Jewellery
 l - a ring of resist corrosion (left hand)
 o - a ring of flight
Scrolls
 g - 3 scrolls of teleportation {unknown}
 k - 2 scrolls of noise {unknown}
 m - 3 scrolls of identify {unknown}
Potions
 b - a potion of attraction {unknown}
 c - a potion of ambrosia
 e - 2 potions of resistance {unknown}
 f - a potion of cancellation {unknown}
 i - a potion of enlightenment {unknown}
 j - 3 potions of degeneration {unknown}
 p - a potion of magic {unknown}
 s - a potion of heal wounds {unknown}


   Skills:
 * Level 4.7 Fighting
 * Level 4.7 Long Blades
 + Level 1.1 Throwing
 + Level 2.1 Armour
 - Level 3.0 Dodging
 + Level 2.0 Shields


You had 5 spell levels left.
You didn't know any spells.
Your spell library contained the following spells:

 Spells                   Type           Power      Damage    Failure   Level
 Freeze                   Ice            0%         1d3       90%         1
 Kiss of Death            Conj/Necr      0%         2d5       90%         1
 Confusing Touch          Hex            0%         N/A       99%         3
 Frozen Ramparts          Ice            0%         1d1       99%         3
 Fugue of the Fallen      Necr           0%         N/A       99%         3
 Hailstorm                Conj/Ice       0%         3d5       99%         3
 Ozocubu's Armour         Ice            0%         N/A       99%         3
 Dispel Undead            Necr           0%         3d6       100%        4
 Manifold Assault         Tloc           0%         N/A       100%        4


Dungeon Overview and Level Annotations

Branches:
Dungeon (4/15)
 Temple: D:4-7

Altars:
Elyvilon
Hepliaklqana
Ru

Annotations:
D:4 Grinder


Innate Abilities, Weirdness & Mutations

You regain HP and MP as you explore.


Message History

You slash the hobgoblin!
You kill the hobgoblin!
Grinder comes into view.
Grinder shouts!
You hit the ogre.
The ogre is lightly wounded.
The ogre hits you with a +0 giant club!
Grinder blinks!
You hit the ogre.
The ogre is moderately wounded.
The ogre barely misses you.
You barely miss the ogre.
The ogre is moderately wounded.
You slash the ogre!
The ogre is heavily wounded.
A ball python comes into view.
The ogre hits you with a +0 giant club!
You are too injured to fight recklessly!
You are too injured to fight recklessly!
Unknown command.
The ball python hisses angrily.
You hit the ogre.
The ogre is severely wounded.
Grinder barely misses you. The ogre barely misses you. Grinder hits you!
* * * LOW HITPOINT WARNING * * *
You writhe in agony.
* * * LOW HITPOINT WARNING * * *
Okay, then.
Okay, then.
You hit the ogre.
The ogre is severely wounded.
The ogre closely misses you.
Grinder sighs, "No one appreciates my work."
Grinder hits you.
* * * LOW HITPOINT WARNING * * *
You completely miss the ogre.
The ogre is severely wounded.
Grinder gestures at you. Pain shoots through your body!
You die...
Grinder says, "Hey, I wasn't done torturing you yet!"

#.# ....#.# .# #.#
####.## ##.#.# .#
#.########..#
#....##.##
............#
#........
............# #......#
..#########.#+#......#
### #..........#
##....5OS..#
#....@....#
#.........#
#......$.....
#..........##
##########.# .# .


You could see Grinder, an ogre and a ball python.

Vanquished Creatures
  Sigmund (D:4)
  A phantom (D:3)
  3 adders
  2 dart slugs
  An orc (D:3)
  4 bats
  4 endoplasms
  5 giant cockroaches
  4 goblins
  3 hobgoblins
  2 quokkas (D:3)
  A ball python (D:2)
  12 frilled lizards
  5 kobolds
  7 rats
55 creatures vanquished.

Notes
Turn   | Place    | Note
-------+----------+-------------------------------------------
     0 | D:1      | jagang the Human Monk began the quest for the Orb.
     0 | D:1      | Reached XP level 1. HP: 18/18 MP: 1/1
    30 | D:1      | Found a faded altar of an unknown god.
   194 | D:1      | Reached XP level 2. HP: 24/24 MP: 2/2
   425 | D:1      | Reached XP level 3. HP: 26/29 MP: 3/3
  1190 | D:3      | Reached skill level 1 in Armour
  1239 | D:3      | Found a white marble altar of Elyvilon.
  1242 | D:3      | Found a hazy altar of Hepliaklqana.
  1243 | D:3      | Found a sacrificial altar of Ru.
  1434 | D:3      | Reached XP level 4. HP: 34/37 MP: 4/4
  1493 | D:3      | Noticed a phantom
  1515 | D:3      | Killed a phantom
  1516 | D:3      | Reached skill level 1 in Shields
  1516 | D:3      | Reached XP level 5. HP: 37/42 MP: 5/5
  2008 | D:4      | Noticed Sigmund
  2032 | D:4      | Killed Sigmund
  2033 | D:4      | Reached skill level 1 in Throwing
  2033 | D:4      | Reached XP level 6. HP: 18/49 MP: 6/6
  2184 | D:4      | Noticed Grinder
  2191 | D:4      | Killed from afar by Grinder

Illustrated notes

Levels and vault maps discovered:
D:1:      dpeg_arrival_round_c, layout_rooms,
          dreamdust_ecumenical_altar_statues, nrook_mini_backslash,
          minivault_26, minmay_lizard_king
D:2:      layout_rooms, grunt_decor_mini_mirrors
D:3:      layout_basic, chequers_temple_overflow_statue_of_worship
D:4:      layout_basic, led_xom_imps, mainiacjoe_overflow_surrounded_room,
          uniq_grinder, uniq_sigmund, uniq_blork_the_orc

Skill      XL: |  1  2  3  4  5 |
---------------+----------------+-----
Armour         | 1 2 |  2.1
Fighting       | 4 |  4.7
Long Blades    | 4 |  4.7
Shields        | 1 2 |  2.0
Throwing       | 1 |  1.1
Dodging        | |  3.0

Action                     |  1- 3 |  4- 6 || total
---------------------------+-------+-------++-------
  Melee: Falchion          |    90 |    60 ||   150
  Throw: Dart              |       |     3 ||     3
 Armour: Robe              |     3 |       ||     3
         Ring mail         |    35 |       ||    35
         Scale mail        |     8 |    42 ||    50
  Dodge: Dodged            |    57 |    23 ||    80
